AoeStats
← fra_nikolaus

Arabia

509922691Analyzed
1v1 RM · 3d ago on Sep 28, 2026· 58m 59s· 2 players
Game mode
Random Map
Map size
Tiny (2 player)
Population
200
Speed
Normal
Resources
Standard
Victory
Conquest
Starting age
Dark Age
Ending age
Imperial Age
RankedLock teamsTeams togetherTeam positionsShared explorationLock speedFull tech treeHidden civsTurbo modeCheats
Victory
Defeat
🇺🇸 Franks · United States
493
+15
🇩🇰 Mongols · Denmark
478
-15
fra_nikolaus
13:33 Feudal Age
15:25 Wheelbarrow
14:41 Horse Collar
14:51 Double-Bit Axe
16:00 Stone Mining
16:05 Gold Mining
20:55 Bloodlines
22:50 Scale Barding Armor
22:46 Padded Archer Armor
22:37 Fletching
23:01 Forging
29:20 Castle Age
30:04 Pikeman
33:43 Light Cavalry
34:25 Husbandry
36:41 Leather Archer Armor
36:23 Bodkin Arrow
36:49 Chain Barding Armor
39:58 Iron Casting
43:45 Imperial Age
41:35 Hand Cart
42:31 Stone Shaft Mining
44:43 Loom
46:02 Gold Shaft Mining
47:08 Elite Mangudai
49:14 Conscription
49:34 Hoardings
49:57 Hussar
58:08 Blast Furnace
-- .- -. .. ... ....
10:06 Loom
11:52 Feudal Age
13:09 Double-Bit Axe
14:56 Wheelbarrow
18:55 Town Watch
19:56 Gold Mining
20:00 Stone Mining
21:26 Forging
21:22 Scale Barding Armor
25:21 Castle Age
26:10 Husbandry
26:35 Chain Barding Armor
26:52 Iron Casting
27:17 Pikeman
35:39 Scale Mail Armor
36:02 Hand Cart
43:13 Imperial Age
41:48 Gold Shaft Mining
41:55 Bow Saw
44:13 Chivalry
44:38 Conscription
43:57 Cavalier
45:45 Blast Furnace
45:21 Plate Barding Armor
45:11 Murder Holes
46:16 Chemistry
47:38 Squires
47:00 Halberdier
48:17 Elite Throwing Axeman
49:18 Paladin
50:27 Ballistics
53:28 Elite Skirmisher
Connection lost

Rejoining the realm…

Still unreachable

The connection could not be restored.

Session expired

The server has moved on; the page needs a fresh start.